 Dungeon Crawl Stone Soup version 0.28-a0-969-g2dcde036d2 (webtiles) character file.

Game seed: 14910232919556898591

95 HessuHobo the Covered (level 4, -2/35 HPs)
             Began as a Human Fighter on Dec 1, 2021.
             Killed by divine providence
             ... invoked by an orc priest
              (17 damage)
             ... on level 3 of the Dungeon.
             The game lasted 00:02:59 (3230 turns).

HessuHobo the Covered (Human Fighter)               Turns: 3230, Time: 00:03:00

Health: -2/35      AC: 13    Str: 18    XL:     4   Next: 95%
Magic:  4/4        EV:  9    Int:  8    God:
Gold:   64         SH:  5    Dex: 13    Spells: 3/3 levels left

rFire   . . .      SeeInvis .   r - +0 dagger (protect)
rCold   . . .      Faith    .   c - +0 buckler
rNeg    . . .      Spirit   .   b - +0 scale mail
rPois   .          Reflect  .   (no helmet)
rElec   .          Harm     .   (no cloak)
rCorr   .          Rampage  .   (no gloves)
Will    .....                   (no boots)
Stlth   ..........              (no amulet)
HPRegen 0.11/turn               (no ring)
MPRegen 0.09/turn               (no ring)

@: under a protective aura
A: no striking features
a: no special abilities


You were on level 3 of the Dungeon.
You visited 1 branch of the dungeon, and saw 3 of its levels.

You collected 64 gold pieces.

Inventory:

Hand Weapons
 a - a +0 rapier
 g - a +3 dagger
 r - a +0 dagger of protection (weapon)
Missiles
 f - 2 curare-tipped darts (quivered)
 j - 4 boomerangs
 m - 12 poisoned darts
 o - 6 atropa-tipped darts
Armour
 b - a +0 scale mail (worn)
 c - a +0 buckler (worn)
Jewellery
 e - an amulet of the acrobat
Scrolls
 h - a scroll of teleportation {unknown}
 i - a scroll of noise {unknown}
 k - a scroll of summoning {unknown}
 n - a scroll of fear {unknown}
 q - a scroll of vulnerability {unknown}
Potions
 d - a potion of might
 l - a potion of lignification {unknown}
 p - a potion of curing {unknown}
 s - a potion of flight {unknown}


   Skills:
 + Level 3.5 Fighting
 + Level 2.7 Short Blades
 + Level 1.2 Throwing
 + Level 3.6 Armour
 + Level 3.5 Shields


You had 3 spell levels left.
You didn't know any spells.
Your spell library contained the following spells:

 Spells                   Type           Power      Damage    Failure   Level
 Magic Dart               Conj           0%         1d3       80%         1
 Blink                    Tloc           0%         N/A       91%         2
 Call Imp                 Summ           0%         N/A       91%         2
 Mephitic Cloud           Conj/Pois/Air  0%         N/A       99%         3
 Manifold Assault         Tloc           0%         N/A       100%        5
 Storm Form               Tmut/Air       0%         N/A       100%        7


Dungeon Overview and Level Annotations

Branches:
Dungeon (3/15)

Altars:


Message History

The orc is lightly wounded.
You block the orc's attack.
You barely miss the orc.
The orc is lightly wounded.
The orc barely misses you.
You closely miss the orc.
The orc is lightly wounded.
The orc misses you.
You hit the orc.
The orc is heavily wounded.
The orc completely misses you.
You hit the orc but do no damage.
The orc is heavily wounded.
The orc closely misses you.
You hit the orc.
You kill the orc!
No target in view!
You start resting.
HP restored.
You climb downwards.
There is a stone staircase leading up here.
The orc shouts!
You hit the orc priest but do no damage.
Your weapon exudes an aura of protection.
The orc priest barely misses you.
You hit the orc priest but do no damage.
The orc priest calls down the wrath of Beogh upon you.
Beogh smites you!
You barely miss the orc priest.
You hit the orc priest but do no damage.
You hit the orc priest.
The orc priest is lightly wounded.
The orc priest invokes the aid of Beogh against you.
Beogh smites you!
A bat comes into view.
The orc hits you but does no damage.
There is a stone staircase leading up here.
The orc priest invokes the aid of Beogh against you.
Beogh smites you!
You die...

...#. ..o.... .o ...# .g
#b.# # .### #o #..# ......
#.##..## ##.### o:#...#
#..... . #.#.#@# #.# #.
#.###.#.#o# #.# #.
#........o# #.# #.
#.........# #.###.
#.........#### #.##..
#............## ##....#
#..........#..######...###
##...#####..#.........##
#..# ##...####..###


You could see an orc priest, an orc and a bat.

Vanquished Creatures
  Jessica (D:3)
  2 adders (D:2)
  3 dart slugs
  3 orcs
  4 ball pythons
  4 endoplasms (D:3)
  A goblin (D:1)
  5 hobgoblins
  3 kobolds
  5 quokkas
  A bat (D:2)
  4 frilled lizards
  4 rats
40 creatures vanquished.

Notes
Turn   | Place    | Note
-------+----------+-------------------------------------------
     0 | D:1      | HessuHobo the Human Fighter began the quest for the Orb.
     0 | D:1      | Reached XP level 1. HP: 18/18 MP: 1/1
   185 | D:1      | Reached XP level 2. HP: 9/24 MP: 2/2
  1009 | D:1      | Found a faded altar of an unknown god.
  1686 | D:2      | Reached XP level 3. HP: 25/29 MP: 3/3
  2238 | D:2      | Reached XP level 4. HP: 35/35 MP: 4/4
  2676 | D:3      | Noticed Jessica
  2679 | D:3      | Killed Jessica
  2680 | D:3      | Reached skill level 1 in Throwing
  3230 | D:3      | Killed from afar by an orc priest

Illustrated notes

Levels and vault maps discovered:
D:1:      amcnicky_arrival_blooded_trapdoor, layout_rooms,
          nicolae_ecumenical_lake_church, serial_park_tiny_2,
          minmay_misc_feat_hallway
D:2:      layout_basic
D:3:      layout_rooms, uniq_jessica

Skill      XL: |  1  2  3  4 |
---------------+-------------+-----
Throwing       | 1 |  1.2
Fighting       | |  3.5
Short Blades   | |  2.7
Armour         | |  3.6
Shields        | |  3.5

Action                   |  1- 3 |  4- 6 || total
-------------------------+-------+-------++-------
Melee: Rapier            |    28 |       ||    28
       Dagger            |    42 |    48 ||    90
Throw: Dart              |    10 |     5 ||    15
Armor: Scale mail        |    22 |    13 ||    35
Dodge: Dodged            |    15 |    14 ||    29
Block: Buckler           |     9 |     6 ||    15

Table legend: (Time is in decaauts)
 A = Elapsed time spent in this place.
 B = Non-inter-level travel time spent in this place.
 C = Inter-level travel time spent in this place.
 D = Time resting spent in this place.
 E = Time spent auto-exploring this place.
 F = Levels seen in this place.
 G = Mean time per level.
                   A        B        C        D        E       F      G
               +--------+--------+--------+--------+--------+-----+--------+
         Total |   3223 |   3156 |     67 |   1892 |    939 |   3 | 1074.3 |
       Dungeon |   3223 |   3156 |     67 |   1892 |    939 |   3 | 1074.3 |
               +--------+--------+--------+--------+--------+-----+--------+

Top non-repeatable levels by time:
     D:1: 1651 daAuts
     D:2: 1057 daAuts
     D:3: 514 daAuts
